 Dungeon Crawl Stone Soup version 0.17.1-1-g73c8601 (webtiles) character file.

37 HughJohnson the Slasher (level 3, 0/27 HPs)
             Began as a Demonspawn Skald on Dec 19, 2015.
             Slain by an adder (2 damage)
             ... on level 2 of the Dungeon.
             The game lasted 00:02:44 (1043 turns).

HughJohnson the Slasher (Demonspawn Skald)          Turns: 1043, Time: 00:02:44

Health: 0/27       AC:  4    Str: 13    XL:     3   Next: 21%
Magic:  6/6        EV: 11    Int: 13    God:
Gold:   74         SH:  0    Dex: 12    Spells: 1 memorised, 5 levels left

rFire  . . .     SeeInvis .     a - +0 falchion
rCold  . . .     Clarity  .     b - +0 leather armour
rNeg   . . .     SustAt   .     (no shield)
rPois  .         Gourm    .     g - +0 hat
rElec  .         Spirit   .     (no cloak)
rCorr  .         Warding  .     (no gloves)
rMut   .         Stasis   .     (no boots)
MR     .....                    (no amulet)
Stlth  +.........               (no ring)
                                (no ring)

@: lethally poisoned (0 -> -1), not resistant to hostile enchantments, very
unstealthy
A: rugged brown scales 1, demonic guardian 1
a: no special abilities


You were on level 2 of the Dungeon.
You were not hungry.

You visited 1 branch of the dungeon, and saw 2 of its levels.

You collected 74 gold pieces.

Inventory:

Hand Weapons
 a - a +0 falchion (weapon)
Armour
 b - a +0 leather armour (worn)
 g - a +0 hat (worn)
Scrolls
 e - 2 scrolls of fear {unknown}
 j - a scroll of random uselessness {unknown}
 k - a scroll of fog {unknown}
 l - a scroll of identify {unknown}
 m - a scroll of immolation {unknown}
Potions
 f - a potion of cancellation {unknown}
 i - a potion of flight {unknown}
 n - 2 potions of heal wounds {unknown}
Books
 c - a book of Battle

   Spells                             Type                      Level
   a - Infusion                       Charms                       1
   b - Shroud of Golubria             Charms/Translocation         2
   c - Song of Slaying                Charms                       2
   d - Spectral Weapon                Hexes/Charms                 3
   e - Regeneration                   Charms/Necromancy            3
Comestibles
 d - 2 bread rations
 h - 6 chunks of flesh


   Skills:
 - Level 2.0 Fighting
 + Level 3.3 Long Blades
 - Level 0.8 Armour
 - Level 0.8 Dodging
 - Level 2.0 Spellcasting
 - Level 2.6 Charms


You had 5 spell levels left.
You knew the following spells:

 Your Spells              Type           Power        Failure   Level  Hunger
a - Infusion              Chrm           #.....       12%         1    ##.....


Dungeon Overview and Level Annotations

Branches:
Dungeon (2/15)

Altars:


Innate Abilities, Weirdness & Mutations

You are partially covered in rugged brown scales (AC +1, +3% HP).
A weak demonic guardian rushes to your aid.


Message History

You butcher the rat corpse.
You feel sick.
h - 6 chunks of flesh (gained 1)
You feel sick.
e - 2 scrolls labeled JEOCUH IGORROE (gained 1)
An adder comes into view.
You feel sick.
You feel sick.
You feel sick.
You completely miss the adder. The adder bites you.
* * * LOW HITPOINT WARNING * * *
The adder misses you.
You slash the adder!
The adder is severely wounded.
The adder bites you.
* * * LOW HITPOINT WARNING * * *
You closely miss the adder.
The adder is severely wounded.
* * * LOW HITPOINT WARNING * * *
You feel sick. The adder bites you.
You die...

##...##
#####.....##
#..<.......#
#.##.......# .>
##.....## ..#
#>....## ..
####.##### #
###....# #@..####
.... #S### #####
... #.###......
.....
#.#####.....#...#
.....
........###...#
....
#).####.#...###
..... #.........#
.....
#.###...#...# .#
#....###.#


You could see an adder.

Vanquished Creatures
  An adder (D:2)
  An ooze (D:1)
  A worm (D:2)
  A giant gecko (D:1)
  2 bats
  A giant cockroach (D:1)
  A hobgoblin (D:1)
  4 kobolds (D:1)
  2 giant newts (D:1)
  4 goblins
  3 rats
21 creatures vanquished.

Notes
Turn   | Place    | Note
--------------------------------------------------------------
     0 | D:1      | HughJohnson the Demonspawn Skald began the quest for the Orb.
     0 | D:1      | Reached XP level 1. HP: 16/16 MP: 3/3
   122 | D:1      | Gained mutation: You are partially covered in rugged brown scales (AC +1, +3% HP). [demonic ancestry]
   122 | D:1      | Reached XP level 2. HP: 8/22 MP: 5/5
   826 | D:2      | Reached skill level 3 in Long Blades
  1023 | D:2      | Gained mutation: A weak demonic guardian rushes to your aid. [demonic ancestry]
  1023 | D:2      | Reached XP level 3. HP: 19/27 MP: 6/6
  1043 | D:2      | Slain by an adder

Action                   || total
-------------------------++-------
Melee: Falchion          ||    70
 Stab: Sleeping          ||     1
